 Dungeon Crawl Stone Soup version 0.30-b1-2-g02819fbbbe (webtiles) character file.

Game seed: 12025751300461323095

1462 Anothat the Shield-Bearer (level 9, -3/69 HPs)
             Began as a Formicid Fighter on May 10, 2023.
             Slain by an orc warrior
             ... wielding a +0 battleaxe
              (10 damage)
             ... on level 6 of the Dungeon.
             The game lasted 00:07:11 (5536 turns).

Anothat the Shield-Bearer (Formicid Fighter)        Turns: 5536, Time: 00:07:12

Health: -3/69      AC: 12    Str: 25      XL:     9   Next: 5%
Magic:  9/9        EV:  8    Int:  6 (8)  God:
Gold:   297        SH:  6    Dex: 13      Spells: 8/8 levels left

rFire   . . .        a - +0 war axe
rCold   . . .        c - +0 buckler
rNeg    + . .        m - +0 chain mail
rPois   .            (helmet unavailable)
rElec   .            o - scarf {repulsion}
rCorr   .            w - +1 pair of gloves
SInv    +            (no boots)
Will    .....        (no amulet) Stlth
                     e - ring of positive energy
HPRegen 0.31/turn    (no ring)
MPRegen 0.11/turn

%: repel missiles
@: mighty
A: permanent stasis, dig shafts and tunnels, antennae 3, four strong arms,
deterioration 1, no potion heal 1
a: Dig, Shaft Self


You were on level 6 of the Dungeon.
You visited 1 branch of the dungeon, and saw 6 of its levels.

You collected 297 gold pieces.

Inventory:

Hand Weapons
 a - a +0 war axe (weapon)
Missiles
 x - 2 throwing nets
Armour
 b - a +0 scale mail
 c - a +0 buckler (worn)
 m - a +0 chain mail (worn)
 o - a scarf of repulsion (worn)
 w - a +1 pair of gloves (worn)
Jewellery
 e - a ring of positive energy (left hand)
 g - a +6 ring of intelligence
Wands
 f - a wand of polymorph (5)
 t - a wand of roots (10)
Scrolls
 h - a scroll of noise
 i - a scroll of torment {unknown}
 j - 2 scrolls of enchant armour
 p - 4 scrolls of identify
 y - 3 scrolls of fog
Potions
 d - a potion of might
 k - 3 potions of brilliance
 l - a potion of curing
 n - a potion of attraction
 q - a potion of mutation
 u - a potion of haste


   Skills:
 + Level 6.1 Fighting
 * Level 6.9 Axes
 + Level 6.1 Armour
 + Level 7.4 Shields


You had 8 spell levels left.
You didn't know any spells.
Your spell library contained the following spells:

 Spells                   Type           Power      Damage    Failure   Level
 Magic Dart               Conj           0%         1d3       95%         1
 Sting                    Tmut/Pois      0%         1d3       95%         1
 Searing Ray              Conj           0%         2d4       99%         2
 Sublimation of Blood     Necr           0%         N/A       99%         2
 Wereblood                Tmut           0%         N/A       99%         2
 Hailstorm                Conj/Ice       0%         3d3       100%        3
 Fulminant Prism          Conj/Hex       0%         3d5       100%        4
 Ozocubu's Refrigeration  Ice            0%         4d7       100%        7
 Summon Hydra             Summ           0%         N/A       100%        7
 Polar Vortex             Ice            0%         N/A       100%        9


Dungeon Overview and Level Annotations

Branches:
Dungeon (6/15)
 Temple: D:4-7

Altars:
Kikubaaqudgha
Trog
Uskayaw
The Shining One

Shops:
D:3 ?


Innate Abilities, Weirdness & Mutations

You cannot be hasted, slowed, berserked, paralysed or teleported.
You can dig through walls and to a lower floor.
You have a pair of large antennae on your head. (SInv)
Your four strong arms can wield two-handed weapons with a shield.
Your body sometimes deteriorates upon taking damage.
Potions are less effective at restoring your health.


Message History

The orc warrior barely misses you.
You hit the orc warrior but do no damage.
The orc warrior is moderately wounded.
The orc warrior hits you with a +0 battleaxe!
You slash the orc warrior!
The orc warrior is heavily wounded.
The orc warrior hits you with a +0 battleaxe!
The orc wizard barely misses you.
You closely miss the orc warrior.
The orc warrior is heavily wounded.
You hit the orc wizard.
The orc warrior hits you with a +0 battleaxe!
* * * LOW HITPOINT WARNING * * *
The orc wizard hits you with a +0 dagger.
* * * LOW HITPOINT WARNING * * *
Okay, then.
Okay, then.
Your system partially rejects the healing.
You feel better. The orc warrior closely misses you.
The orc wizard hits you with a +0 dagger.
* * * LOW HITPOINT WARNING * * *
Aiming: Polymorph
Press: ? - help, Shift-Dir - straight line, f - orc warrior
Aim: an orc warrior, wielding a +0 battleaxe and wearing a +6 chain mail of ponderousness (heavily wounded, will become a hornet, a killer bee, or a rime drake, chance to affect: 49%)
Okay, then.
Your system partially rejects the healing.
You feel better. The orc warrior barely misses you.
The orc wizard hits you but does no damage.
Your system partially rejects the healing.
You feel better.
The orc warrior hits you with a +0 battleaxe!
* * * LOW HITPOINT WARNING * * *
You block the orc wizard's attack.
Aiming: Fastroot
Press: ? - help, Shift-Dir - straight line
Okay, then.
Okay, then.
You feel very mighty all of a sudden.
The orc warrior hits you with a +0 battleaxe!
You die...

#.{....# #.{...#
#..# ##{.# #..##
.. ##..# ... #..##
...## ##.o##
....#####..o@###
#...##.......##
#............#
###...........#
##............##
##.............#
##.............##
##..............#
##..............##


You could see an orc warrior and an orc wizard.

Vanquished Creatures
  Grinder (D:5)
  2 black bears (D:5)
  An ice beast (D:6)
  2 ogres (D:5)
  A phantom (D:5)
  2 scorpions (D:5)
  A wight (D:5)
  A human zombie (D:5)
  2 bullfrog zombies (D:5)
  A hound (D:5)
  A centaur zombie (D:5)
  An orc priest (D:6)
  A jelly (D:5)
  A sleepcap (D:6)
  3 iguanas
  An orc wizard (D:3)
  2 hound zombies (D:5)
  3 mummies (D:5)
  A gnoll (D:1)
  7 adders
  2 adder zombies (D:5)
  2 worms
  3 dart slugs
  9 orcs
  9 endoplasms
  4 giant cockroaches
  5 goblins
  6 hobgoblins
  6 jackals
  4 kobolds
  7 quokkas
  8 ball pythons
  5 bats
  3 frilled lizards (D:2)
  6 rats
114 creatures vanquished.

Vanquished Creatures (others)
  A plant (D:2)
1 creature vanquished.

Grand Total: 115 creatures vanquished

Notes
Turn   | Place    | Note
-------+----------+-------------------------------------------
     0 | D:1      | Anothat the Formicid Fighter began the quest for the Orb.
     0 | D:1      | Reached XP level 1. HP: 18/18 MP: 1/1
    79 | D:1      | Reached XP level 2. HP: 24/24 MP: 2/2
   241 | D:1      | Reached XP level 3. HP: 27/29 MP: 3/3
   942 | D:2      | Reached XP level 4. HP: 19/37 MP: 4/4
  1458 | D:2      | Reached XP level 5. HP: 42/42 MP: 5/5
  2120 | D:3      | Noticed a +0 falchion
  2120 | D:3      | Noticed a +0 dagger
  2121 | D:3      | Noticed a +0 spear
  2121 | D:3      | Noticed a +0 spear
  2122 | D:3      | Noticed a +0 short sword
  2122 | D:3      | Noticed a +0 falchion
  2123 | D:3      | Noticed a +0 short sword
  2123 | D:3      | Noticed a +0 dagger
  2134 | D:3      | Found Ywnybusk's Magic Scroll Emporium.
  2344 | D:3      | Found a hide-covered altar of Uskayaw.
  2546 | D:3      | Reached skill level 5 in Shields
  3036 | D:3      | Identified the +0 flail of the Damp God {freeze, *Noise
                  | rC++ rN+ Int-4}
  3601 | D:4      | Reached XP level 6. HP: 46/48 MP: 6/6
  3790 | D:5      | Entered Level 5 of the Dungeon
  3917 | D:5      | Got Bejasiy's Incunabulum of Noxious Rime
  4026 | D:5      | Noticed Grinder
  4036 | D:5      | Gained mutation: Your body sometimes deteriorates upon
                  | taking damage. [potion of mutation]
  4036 | D:5      | Gained mutation: Potions are less effective at restoring
                  | your health. [potion of mutation]
  4056 | D:5      | Reached XP level 7. HP: 38/55 MP: 7/7
  4061 | D:5      | Killed Grinder
  4062 | D:5      | Reached skill level 5 in Fighting
  4062 | D:5      | Reached skill level 5 in Axes
  4062 | D:5      | Reached skill level 6 in Shields
  4173 | D:5      | Reached skill level 5 in Armour
  4326 | D:5      | Reached XP level 8. HP: 50/62 MP: 8/8
  4475 | D:5      | Found a bloodstained altar of Trog.
  5020 | D:5      | Found an ancient bone altar of Kikubaaqudgha.
  5032 | D:5      | Reached skill level 7 in Shields
  5358 | D:6      | Found a glowing golden altar of the Shining One.
  5492 | D:6      | Reached XP level 9. HP: 46/69 MP: 9/9
  5536 | D:6      | Slain by an orc warrior

Illustrated notes

Levels and vault maps discovered:
D:1:      heliophobic_arrival_dark_side_of_the_moon, layout_basic
D:2:      kennysheep_six_static_rooms, layout_rooms, serial_bayou,
          serial_bayou_pond_c, serial_bayou_ford_a, serial_bayou_shore_a,
          serial_bayou_shore_b, serial_bayou_pond_a, grunt_decor_arrowhead
D:3:      minmay_door_path, layout_loops_cross, nicolae_uskayaw_en_pointe,
          serial_shops, nicolae_shop_behind_doors, kennysheep_boxes
D:4:      dreamdust_elfheim, layout_gridville
D:5:      layout_basic, trog_ov_bears_minmay,
          lemuel_mausoleum_altar_kikubaaqudgha, uniq_grinder
D:6:      layout_cave_pods, tso_altar, brannock_xom_greatest_gift,
          minmay_temple_entry_tees

Skill      XL: |  1  2  3  4  5  6  7  8 |
---------------+-------------------------+-----
Axes           | 3 4 5 6 |  6.9
Armour         | 4 5 6 |  6.1
Fighting       | 4 5 6 |  6.1
Shields        | 5 6 7 |  7.4

Action                     |  1- 3 |  4- 6 |  7- 9 || total
---------------------------+-------+-------+-------++-------
  Melee: War axe           |    80 |   197 |   186 ||   463
         Unarmed           |       |     3 |       ||     3
    Use: Scroll            |       |     8 |       ||     8
         Potion            |       |     9 |     4 ||    13
 Armour: Scale mail        |    29 |       |       ||    29
         Chain mail        |    11 |   134 |    99 ||   244
         Skin              |       |     4 |       ||     4
  Dodge: Dodged            |    34 |    89 |    63 ||   186
         Repelled          |       |     1 |       ||     1
  Block: Buckler           |    25 |    54 |    41 ||   120
